 Dungeon Crawl Stone Soup version 0.29.1-2-gbd0b4ee654 (webtiles) character file.

Game seed: 9973979484425380704

2253 cdecastro the Fighter (level 9, -7/101 HPs)
             Began as an Ogre Cinder Acolyte on Nov 28, 2022.
             Was a High Priest of Ignis.
             Mangled by a two-headed ogre
             ... wielding a +0 giant club
              (19 damage)
             ... on level 6 of the Dungeon.
             The game lasted 00:23:38 (8943 turns).

cdecastro the Fighter (Ogre Cinder Acolyte)         Turns: 8943, Time: 00:23:39

Health: -7/101     AC:  4    Str: 20    XL:     9   Next: 37%
Magic:  5/20       EV:  9    Int: 25    God:    Ignis [*****.]
Gold:   302        SH:  0    Dex:  4    Spells: 20/23 levels left

rFire   + . .      SeeInvis .   D - +5 scimitar
rCold   . . .      Faith    .   (no shield)
rNeg    . . .      Spirit   .   b - +0 robe
rPois   .          Reflect  .   (helmet restricted)
rElec   .          Harm     .   n - +0 cloak
rCorr   .          Rampage  .   (gloves unavailable)
Will    .....                   (boots unavailable)
Stlth   +.........              (no amulet)
HPRegen 0.26/turn               l - +6 ring of intelligence
MPRegen 0.17/turn               (no ring)

@: very slightly contaminated
A: large, unfitting armour, tough skin 1
a: Renounce Religion, Fiery Armour, Foxfire Swarm, Rising Flame


You were on level 6 of the Dungeon.
You worshipped Ignis.
Ignis was extremely pleased with you.
You visited 2 branches of the dungeon, and saw 7 of its levels.
You also visited: Sewer.

You collected 302 gold pieces.

Inventory:

Hand Weapons
 a - a -1 mace of flaming
 q - a +0 sling
 v - a +1 dagger of speed
 D - a +5 scimitar (weapon)
Armour
 b - a +0 robe (worn)
 n - a +0 cloak (worn)
Jewellery
 l - a +6 ring of intelligence (left hand)
 s - a ring of see invisible
Wands
 r - a wand of light (9)
 u - a wand of paralysis (6)
 x - a wand of roots (7)
Scrolls
 f - 3 scrolls of enchant weapon {unknown}
 g - 4 scrolls of amnesia {unknown}
 i - a scroll of vulnerability {unknown}
 k - a scroll of noise {unknown}
 m - a scroll of teleportation {unknown}
 o - 2 scrolls of enchant armour {unknown}
 p - 5 scrolls of identify {unknown}
 w - a scroll of immolation {unknown}
 y - 2 scrolls of magic mapping {unknown}
 E - a scroll of silence {unknown}
Potions
 c - 4 potions of heal wounds {unknown}
 d - 4 potions of might {unknown}
 e - 2 potions of haste {unknown}
 h - 2 potions of mutation {unknown}
 j - 4 potions of degeneration {unknown}
 t - a potion of invisibility {unknown}
 z - a potion of magic {unknown}
 A - a potion of lignification {unknown}
 B - 2 potions of attraction {unknown}
 C - a potion of brilliance {unknown}


   Skills:
 - Level 10.0 Fighting
 - Level 2.6 Maces & Flails
 + Level 7.5 Spellcasting
 - Level 5.0 Conjurations
 - Level 5.0 Fire Magic


You had 20 spell levels left.
You knew the following spells:

 Your Spells              Type           Power      Damage    Failure   Level
a - Scorch                Fire           68%        2d8       1%          2
b - Foxfire               Conj/Fire      100%       2x1d9     1%          1

Your spell library contained the following spells:

 Spells                   Type           Power      Damage    Failure   Level
 Summon Small Mammal      Summ           36%        N/A       6%          1
 Stone Arrow              Conj/Erth      42%        3d9       7%          3
 Sticky Flame             Conj/Fire      34%        2d5       9%          4
 Call Canine Familiar     Summ           9%         N/A       19%         3
 Ozocubu's Armour         Ice            9%         N/A       19%         3
 Summon Guardian Golem    Hex/Summ       9%         N/A       19%         3
 Fulminant Prism          Conj/Hex       10%        3d9       22%         4
 Iskenderun's Mystic Bla  Conj/Tloc      21%        2d6       22%         4
 Fireball                 Conj/Fire      17%        3d9       22%         5
 Iskenderun's Battlesphe  Conj           34%        2d9       22%         5
 Animate Armour           Summ/Erth      18%        N/A       54%         4
 Lee's Rapid Deconstruct  Erth           4%         3d6*      87%         5
 Conjure Ball Lightning   Conj/Air       10%        3x3d6     98%         6
 Orb of Destruction       Conj           17%        9d7       100%        7
 Ozocubu's Refrigeration  Ice            4%         4d8       100%        7
 Ignition                 Fire           17%        3d7       100%        8
 Lehudib's Crystal Spear  Conj/Erth      10%        10d4      100%        8


Dungeon Overview and Level Annotations

Branches:
Dungeon (6/15)             Temple (1/1) D:5           Sewer (visited)

Altars:
Cheibriados
Dithmenos
Elyvilon
Fedhas
Gozag
Hepliaklqana
Kikubaaqudgha
Nemelex Xobeh
Qazlal
Ru
Trog
Uskayaw
Vehumet
Wu Jian
Xom
Yredelemnul
Zin
The Shining One

Shops:
D:5 [

Annotations:
D:3 1 runed translucent door, Crazy Yiuf


Innate Abilities, Weirdness & Mutations

You are too large for most types of armour.
You have tough skin. (AC +1)


Message History

Flames lash the two-headed ogre.
The two-headed ogre is burned terribly!
The two-headed ogre is moderately wounded.
Unknown command.
Casting: Scorch (safe; 1% risk of failure)
Press: ? - help, Q - select action, (/) - cycle Dir - look around, f - activate Flames lash the two-headed ogre.
The two-headed ogre is burned terribly!
The two-headed ogre is heavily wounded.
The two-headed ogre hits you with a +0 giant club!! x2
Unknown command.
Casting: Scorch (safe; 1% risk of failure)
Press: ? - help, Q - select action, (/) - cycle Dir - look around, f - activate Flames lash the two-headed ogre.
The two-headed ogre is burned terribly!
The two-headed ogre is severely wounded.
Unknown command.
Casting: Scorch (safe; 1% risk of failure)
Press: ? - help, Q - select action, (/) - cycle Dir - look around, f - activate Flames lash the two-headed ogre.
The two-headed ogre is burned terribly!
The two-headed ogre is severely wounded.
The two-headed ogre hits you with a +0 giant club!!
* * * LOW HITPOINT WARNING * * *
The two-headed ogre barely misses you.
Casting: Scorch (safe; 1% risk of failure)
Press: ? - help, Q - select action, (/) - cycle Dir - look around, f - activate Flames lash the two-headed ogre.
The two-headed ogre is burned terribly!
The two-headed ogre is almost dead.
The two-headed ogre barely misses you.
The two-headed ogre hits you with a +0 giant club!!
* * * LOW HITPOINT WARNING * * *
Casting: Scorch (safe; 1% risk of failure)
Press: ? - help, Q - select action, (/) - cycle Dir - look around, f - activate Flames lash the two-headed ogre.
The two-headed ogre is burned terribly!
The two-headed ogre is almost dead.
Unknown command.
Casting: Scorch (safe; 1% risk of failure)
Press: ? - help, Q - select action, (/) - cycle Dir - look around, f - activate You miscast Scorch.
You are very lightly contaminated with residual magic.
Nothing appears to happen.
The two-headed ogre hits you with a +0 giant club!!
You die...

..## #.# # #......##
###.##....... ... #...
..#...#... #..
#...##.#.(###.# ####.#
#......#......###.##.#
#......##...^.......#
#......###..........##
#.....@.#............##
#####.#O..............#
#.#...........##.##
###...........##...
##...............
##..............
####....#....##
##....(.#.## #......###


You could see a two-headed ogre (combustible).

Vanquished Creatures
  Sigmund (D:2)
  A water moccasin (D:6)
  2 black bears
  An ice beast (D:5)
  2 ogres (D:5)
  A centaur (D:6)
  2 kobold brigands
  A necrophage (D:5)
  4 scorpions (D:5)
  5 wights
  2 jellies
  An orc priest (D:6)
  6 hounds
  Jessica (D:3)
  2 iguanas
  Natasha (thrice) (D:3)
  3 orc wizards
  11 adders
  A river rat (Sewer)
  2 shadow imps
  4 white imps
  An ufetubus (D:5)
  A worm (Sewer)
  4 dart slugs
  19 orcs
  7 endoplasms
  9 giant cockroaches
  11 goblins
  13 hobgoblins
  12 kobolds
  9 quokkas
  13 ball pythons
  7 bats
  9 rats
171 creatures vanquished.

Notes
Turn   | Place    | Note
-------+----------+-------------------------------------------
     0 | D:1      | cdecastro the Ogre Cinder Acolyte began the quest for the
                  | Orb.
     0 | D:1      | Reached XP level 1. HP: 24/24 MP: 2/2
   123 | D:1      | Reached XP level 2. HP: 21/32 MP: 3/3
   366 | D:1      | Learned a level 2 spell: Scorch
   433 | D:1      | Found a faded altar of an unknown god.
   746 | D:1      | Reached XP level 3. HP: 35/39 MP: 4/4
  1777 | D:2      | Noticed Sigmund
  1830 | D:2      | Killed Sigmund
  1831 | D:2      | Reached skill level 5 in Fire Magic
  1831 | D:2      | Reached XP level 4. HP: 12/48 MP: 0/9
  1831 | D:2      | Reached XP level 5. HP: 13/54 MP: 0/10
  2067 | D:2      | Got the Dissertation on Ignition
  2793 | D:2      | Reached XP level 6. HP: 62/62 MP: 8/11
  3034 | D:3      | Noticed Natasha
  3036 | D:3      | Killed Natasha
  3043 | D:3      | Noticed Jessica
  3197 | D:3      | Killed Jessica
  3245 | D:3      | Noticed Natasha
  3740 | D:3      | Reached skill level 5 in Spellcasting
  3949 | D:3      | Killed Natasha
  4017 | D:3      | Found a runed translucent door.
  4018 | D:3      | Noticed Crazy Yiuf
  4025 | D:3      | Noticed Natasha
  4033 | D:3      | Killed Natasha
  4216 | D:4      | Reached skill level 5 in Fighting
  4237 | D:4      | Reached XP level 7. HP: 59/72 MP: 4/14
  4416 | D:4      | Reached skill level 6 in Fighting
  4829 | D:4      | Reached skill level 7 in Fighting
  5095 | D:5      | Entered Level 5 of the Dungeon
  5295 | D:5      | Reached skill level 8 in Fighting
  5309 | D:5      | Found a glowing drain.
  5318 | D:5      | Reached XP level 8. HP: 91/91 MP: 3/15
  5333 | Sewer    | Entered a sewer
  5448 | Sewer    | Reached skill level 9 in Fighting
  5886 | Sewer    | Learned a level 1 spell: Foxfire
  6078 | D:5      | Found Xuligg's Antique Armour Emporium.
  6095 | D:5      | Reached skill level 10 in Fighting
  6141 | D:5      | Reached skill level 1 in Conjurations
  6285 | D:5      | Found a staircase to the Ecumenical Temple.
  6294 | Temple   | Entered the Ecumenical Temple
  7568 | D:6      | Reached skill level 5 in Conjurations
  7568 | D:6      | Reached XP level 9. HP: 86/98 MP: 11/16
  8274 | D:6      | Noticed a two-headed ogre
  8943 | D:6      | Mangled by a two-headed ogre

Illustrated notes

Levels and vault maps discovered:
D:1:      nicolae_arrival_somewhat_less_tricky_arrival, layout_basic,
          ebering_ecumenical_altar_sacrificial, minmay_nonomino_d4
D:2:      layout_rooms, minivault_11, hangedman_abyss_or_decor_lesser_grid,
          guppyfry_early_orc_mine, uniq_sigmund
D:3:      layout_loops_ring, uniq_crazy_yiuf_cottage, uniq_natasha, uniq_jessica
D:4:      layout_cave_pools, st_stairs_2, kennysheep_donut
D:5:      minmay_diamond_boxcup, layout_rooms, lemuel_temple_firewalk_b,
          portal_sewer_entry_f, serial_shops, shop
D:6:      layout_cave_pools
Temple:   dpeg_five_rooms_temple

Skill      XL: |  1  2  3  4  5  6  7  8  9 |
---------------+----------------------------+-----
Fire Magic     | 3 5 |  5.0
Spellcasting   | 3 5 7 |  7.5
Fighting       | 5 8 10 | 10.0
Conjurations   | 5 |  5.0
Maces & Flails | |  2.6

Action                   |  1- 3 |  4- 6 |  7- 9 || total
-------------------------+-------+-------+-------++-------
Melee: Mace              |   115 |   123 |   104 ||   342
       Punch             |     1 |     2 |     2 ||     5
       Scimitar          |       |       |    24 ||    24
 Cast: Scorch            |     8 |    25 |   126 ||   159
Armor: Robe              |    31 |    53 |    53 ||   137
Dodge: Dodged            |    67 |    76 |   105 ||   248
